 Dungeon Crawl Stone Soup version 0.31-a0-934-gf4fcaacff8 (webtiles) character file.

Game seed: 13875262489572044496

2411 yolohusi the Chopper (level 9, 69/69 HPs)
             Began as a Formicid Fighter on Oct 20, 2023.
             Was a Follower of Qazlal.
             Quit the game on level 6 of the Dungeon.
             The game lasted 00:37:59 (6283 turns).

yolohusi the Chopper (Formicid Fighter)             Turns: 6283, Time: 00:37:59

Health: 69/69      AC: 11    Str: 24    XL:     9   Next: 75%
Magic:  9/9        EV: 13    Int:  9    God:    Qazlal [*.....]
Gold:   300        SH:  9    Dex: 19    Spells: 8/8 levels left

rFire   . . .        d - +1 war axe (heavy)
rCold   . . .        c - +1 buckler
rNeg    . . .        l - quicksilver dragon scales
rPois   .            (helmet unavailable)
rElec   .            (no cloak)
rCorr   .            (no gloves)
SInv    +            (no boots)
Will    +....        (no amulet)
Stlth   ++           k - +6 ring of dexterity
HPRegen 0.31/turn    o - ring of flight
MPRegen 0.11/turn

%: no passive effects
@: flying
A: permanent stasis, dig shafts and tunnels, antennae 3, four strong arms
a: Dig, Shaft Self, Renounce Religion


You were on level 6 of the Dungeon.
You worshipped Qazlal.
Qazlal was aware of your devotion.
You visited 1 branch of the dungeon, and saw 6 of its levels.

You collected 300 gold pieces.

Inventory:

Hand Weapons
 d - a +1 heavy war axe (weapon)
 f - a +2 hand axe of freezing
 j - a +5 mace
 s - a +2 whip of flaming
 w - a +5 flail
Missiles
 g - a throwing net
Armour
 c - a +1 buckler (worn)
 l - quicksilver dragon scales (worn)
 u - a +1 robe of fire resistance
Jewellery
 k - a +6 ring of dexterity (left hand)
 m - a ring of fire
 o - a ring of flight (right hand)
Wands
 b - a wand of polymorph (9)
Scrolls
 h - a scroll of teleportation
 i - a scroll of brand weapon {unknown}
 n - 2 scrolls of vulnerability
 p - a scroll of blinking
 q - a scroll of identify
Potions
 a - 2 potions of curing
 e - 3 potions of brilliance
 r - a potion of enlightenment {unknown}
 t - a potion of mutation {unknown}
 v - 2 potions of berserk rage


   Skills:
 + Level 6.3 Fighting
 + Level 6.8(7.5) Axes
 + Level 4.8(6.5) Polearms
 + Level 6.1 Armour
 + Level 3.7 Dodging
 + Level 2.2 Stealth
 + Level 6.6 Shields


You had 8 spell levels left.
You didn't know any spells.
Your spell library contained the following spells:

 Spells                   Type           Power      Damage    Failure   Level
 Kiss of Death            Conj/Necr      0%         2d5       56%         1
 Necrotise                Necr           0%         1d4       56%         1
 Confusing Touch          Hex            0%         N/A       91%         3
 Vampiric Draining        Necr           0%         2d6       91%         3
 Dispel Undead            Necr           0%         3d6       100%        4
 Summon Ice Beast         Ice/Summ       0%         N/A       100%        4
 Agony                    Necr           0%         N/A       100%        5
 Summon Mana Viper        Hex/Summ       0%         N/A       100%        5
 Monstrous Menagerie      Summ           0%         N/A       100%        7


Dungeon Overview and Level Annotations

Branches:
Dungeon (6/15)
 Temple: D:4-7

Altars:
Ashenzari
Hepliaklqana
Qazlal
Yredelemnul

Shops:
D:2 *


Innate Abilities, Weirdness & Mutations

You cannot be hasted, slowed, berserked, paralysed or teleported.
You can dig through walls and to a lower floor.
You have a pair of large antennae on your head. (SInv)
Your four strong arms can wield two-handed weapons with a shield.


Message History

You hit the wight but do no damage.
The wight is almost destroyed.
You block the wight's attack. x2
You barely miss the wight.
The wight is almost destroyed.
The wight closely misses you. You block the wight's attack.
You slash the wight!
You destroy the wight!
Qazlal accepts your kill.
Things that are here:
a +5 flail; a +0 robe
w - a +5 flail A wight comes into view. It is wielding a +0 short sword.
You barely miss the wight. The wight closely misses you.
You slice the wight!!
You destroy the wight!
Qazlal accepts your kill.
Things that are here:
a +0 short sword; a +0 robe
v - 2 potions of berserk rage (gained 1)
Found a stone staircase leading up.
There is a stone staircase leading up here.
You reach down and open the door.
There is an open door here.
Found a pair of boots.
You see here a +0 pair of boots.
Found 5 stones.
Found a stone staircase leading up.
There is an open door, spattered with blood here.
Items here: )))) [[.
Done exploring.
Done exploring.
There is a stone staircase leading down here.
Done exploring.
Welcome back, yolohusi the Formicid Fighter.
Qazlal says: Let the forces of nature tear it all down!
Press ? for a list of commands and other information.
Unknown command.
Unknown command.
Are you sure you want to abandon this character and quit the game? (Confirm with "yes".)

####.#.....###### #.# ####.
####.#.###.# #.# #.... ...#.#.#
#.## #.# ###.##. ...#.#.###..#
#.# #...### ...#.#......#####
##'###'##### ##.#.#...[......#
#........#.. #.#..#....#....#
#........#..
##.#.##....#....######........P..
#...####.....[..@............§..#
#..#..#...........>...........P§.
#.#...####......######......P..._
.#....#..###.#### #.......P.§.
#.....#......# #.......P.P.
#.....#.....## ######...#§#
#######.....# ##.§##.
#.#....#....# ####..
#.#.....#...# ###


There were no monsters in sight!

Vanquished Creatures
  Pikel (D:6)
  A steam dragon (D:6)
  A water moccasin (D:6)
  An ice beast (D:5)
  A black bear (D:5)
  A lemure (D:6)
  4 scorpions
  5 wights (D:6)
  A howler monkey (D:5)
  10 orc priests
  3 hounds
  A jelly (D:5)
  4 sleepcaps
  Terence (D:3)
  2 iguanas
  5 orc wizards
  A gnoll (D:1)
  13 adders
  A river rat (D:5)
  A shadow imp (D:6)
  2 white imps
  2 worms
  2 dart slugs
  13 orcs
  3 ball pythons
  6 endoplasms
  4 giant cockroaches
  5 goblins
  6 hobgoblins
  7 kobolds
  3 quokkas
  7 bats
  3 frilled lizards (D:2)
  7 rats
  A spectral orc (D:5)
129 creatures vanquished.

Notes
Turn   | Place    | Note
-------+----------+-------------------------------------------
     0 | D:1      | yolohusi the Formicid Fighter began the quest for the Orb.
     0 | D:1      | Reached XP level 1. HP: 18/18 MP: 1/1
    32 | D:1      | Reached XP level 2. HP: 22/24 MP: 2/2
   208 | D:1      | Reached XP level 3. HP: 26/29 MP: 3/3
   678 | D:1      | Found a faded altar of an unknown god.
  1222 | D:2      | Reached XP level 4. HP: 31/37 MP: 4/4
  1635 | D:2      | Found Zuicwas's Assorted Antiques.
  1858 | D:3      | Noticed Terence
  1862 | D:3      | Reached XP level 5. HP: 42/42 MP: 5/5
  1869 | D:3      | Killed Terence
  2016 | D:3      | Reached skill level 1 in Dodging
  2635 | D:4      | Reached XP level 6. HP: 45/49 MP: 6/6
  3259 | D:4      | Found a broken altar of Ashenzari.
  3296 | D:4      | Reached skill level 5 in Shields
  3296 | D:4      | Reached XP level 7. HP: 30/55 MP: 7/7
  3298 | D:4      | Reached skill level 1 in Axes
  3723 | D:5      | Entered Level 5 of the Dungeon
  3938 | D:5      | Reached skill level 5 in Fighting
  3938 | D:5      | Reached XP level 8. HP: 62/62 MP: 8/8
  4091 | D:5      | Reached skill level 1 in Stealth
  4103 | D:5      | Found a stormy altar of Qazlal.
  4125 | D:5      | Became a worshipper of Qazlal Stormbringer
  4219 | D:5      | Found a glowing drain.
  4317 | D:5      | Reached skill level 5 in Armour
  4378 | D:5      | Found a basalt altar of Yredelemnul.
  4932 | D:6      | Reached * piety under Qazlal
  4938 | D:6      | Reached skill level 5 in Axes
  4938 | D:6      | Reached XP level 9. HP: 26/68 MP: 9/9
  5872 | D:6      | Noticed Pikel
  5878 | D:6      | Killed Pikel
  5981 | D:6      | Found a hazy altar of Hepliaklqana.
  6283 | D:6      | Quit the game

Illustrated notes

Levels and vault maps discovered:
D:1:      erik_arrival_orb_chamber, layout_basic,
          shapermc_ecumenical_altar_mp_ritualfount
D:2:      layout_basic, serial_shops, nicolae_shop_overgrown_old_shop
D:3:      cheibrodos_helix_gallery, layout_rooms, minmay_misc_feat_iff,
          uniq_terence
D:4:      layout_rooms, amcnicky_altar_gilded, serial_corexii_hall,
          corexii_hall_statues_i, corexii_hall_statues_t, corexii_hall_statues_i
D:5:      layout_loops_cross, mainiacjoe_overflow_tiny_flanked,
          yredelemnul_forgotten_temple_becter, gup_sewer_entry_bowl
D:6:      layout_basic, nicolae_hepliaklqana_hazy_memory, grunt_decor_junction,
          hangedman_abyss_or_decor_jellyfish_corner, serial_park_tiny_pond,
          kennysheep_generic_room_13, uniq_pikel

Skill      XL: |  1  2  3  4  5  6  7  8  9 |
---------------+----------------------------+-----
Fighting       | 4 5 6 |  6.3
Polearms       | 3 4 |  4.8
Armour         | 4 5 6 |  6.1
Dodging        | 1 2 3 |  3.7
Shields        | 5 6 |  6.6
Axes           | 2 5 6 |  6.8
Stealth        | 1 2 |  2.2

Action                     |  1- 3 |  4- 6 |  7- 9 || total
---------------------------+-------+-------+-------++-------
  Melee: Trident           |   109 |   154 |       ||   263
         War axe           |       |    18 |   160 ||   178
Ability: Dig               |       |     3 |     1 ||     4
    Use: Scroll            |     1 |     3 |     4 ||     8
         Potion            |       |     3 |     7 ||    10
   Stab: Sleeping          |       |       |     2 ||     2
 Armour: Scale mail        |    52 |    13 |       ||    65
         Quicksilver drago |       |    83 |   111 ||   194
  Dodge: Dodged            |    22 |    62 |   109 ||   193
  Block: Buckler           |    20 |    42 |    69 ||   131

Table legend: (Time is in decaauts)
 A = Elapsed time spent in this place.
 B = Non-inter-level travel time spent in this place.
 C = Inter-level travel time spent in this place.
 D = Time resting spent in this place.
 E = Time spent auto-exploring this place.
 F = Levels seen in this place.
 G = Mean time per level.
                   A        B        C        D        E       F      G
               +--------+--------+--------+--------+--------+-----+--------+
         Total |   6500 |   6085 |    415 |   1041 |   2309 |   6 | 1083.3 |
       Dungeon |   6500 |   6085 |    415 |   1041 |   2309 |   6 | 1083.3 |
               +--------+--------+--------+--------+--------+-----+--------+

Top non-repeatable levels by time:
     D:6: 1668 daAuts
     D:1: 1160 daAuts
     D:5: 1030 daAuts
     D:4: 1000 daAuts
     D:3: 835 daAuts
     D:2: 804 daAuts
